 Dungeon Crawl Stone Soup version 0.26.1-11-gd32895ea62 (webtiles) character file.

Game seed: 5157995801266625538

81 Zeld the Twirler (level 4, 0/29 HPs)
             Began as an Octopode Gladiator on May 22, 2021.
             Slain by Terence
             ... wielding a +0 flail
              (9 damage)
             ... on level 1 of the Dungeon.
             The game lasted 00:02:03 (2142 turns).

Zeld the Twirler (Octopode Gladiator)               Turns: 2142, Time: 00:02:04

Health: 0/29       AC:  1    Str: 14    XL:     4   Next: 40%
Magic:  4/4        EV: 14    Int: 10    God:
Gold:   91         SH:  0    Dex: 13    Spells: 3/3 levels left

rFire    . . .     SeeInvis .   a - +0 quarterstaff
rCold    . . .     Faith    .   (shield currently unavailable)
rNeg     . . .     Spirit   .   b - +0 hat
rPois    .         Reflect  .   (no amulet)
rElec    .         Harm     .   (no ring)
rCorr    .         Rampage  .   (no ring)
Will     .....                  (no ring)
Stlth    ++........             (no ring)
HPRegen  0.09/turn              (no ring)
MPRegen  0.09/turn              (no ring)
                                (no ring)
                                (no ring)

@: no status effects
A: almost no armour, stealthy swim, amphibious, 8 rings, constrict 8, camouflage
1, gelatinous body 1
a: no special abilities


You were on level 1 of the Dungeon.
You visited 1 branch of the dungeon, and saw 2 of its levels.

You collected 91 gold pieces.

Inventory:

Hand Weapons
 a - a +0 quarterstaff (weapon)
Missiles
 c - 3 throwing nets (quivered)
 d - 8 atropa-tipped darts
Armour
 b - a +0 hat (worn)
Scrolls
 e - a scroll of identify {unknown}
 h - a scroll of enchant weapon {unknown}
 k - a scroll of amnesia {unknown}
 l - a scroll of enchant armour {unknown}
Potions
 f - 2 potions of flight {unknown}
 g - a potion of heal wounds {unknown}
 i - 2 potions of berserk rage {unknown}
 j - a potion of might {unknown}


   Skills:
 - Level 2.0 Fighting
 * Level 5.1 Staves
 - Level 2.0 Throwing
 - Level 3.0 Dodging


You had 3 spell levels left.
You didn't know any spells.
Your spell library was empty.

Dungeon Overview and Level Annotations

Branches:
Dungeon (2/15)

Altars:

Annotations:
D:1 Terence


Innate Abilities, Weirdness & Mutations

You cannot wear most types of armour.
You are very stealthy in the water. (Stealth+)
You are amphibious.
You can wear up to eight rings at the same time.
You can use your tentacles to constrict eight enemies at once.
Your skin changes colour to match your surroundings (Stealth+).
Your rubbery body absorbs attacks. (AC +1, EV +1)


Message History

The hobgoblin hits you with a +0 club. The kobold misses you.
There is a stone staircase leading up here.
You hit the hobgoblin.
You kill the hobgoblin!
The hobgoblin barely misses you. The kobold hits you with a +0 club.
You barely miss Terence. Your grab misses Terence. Your squeeze misses Terence.
The hobgoblin hits you. Terence barely misses you.
The kobold hits you with a +0 club. The hobgoblin hits you.
You climb upwards.
There is a stone staircase leading down here.
You can't go up here!
You sock the kobold!
You kill the kobold!
Terence barely misses you. The hobgoblin hits you.
You barely miss Terence. You grab Terence. You constrict Terence.
Terence hits you with a +0 flail. The hobgoblin closely misses you.
You hit Terence but do no damage. You squeeze Terence.
Terence is moderately wounded.
You constrict Terence. Terence hits you with a +0 flail!
You die...

#####...........##### #.....
##.##...#####...# #.####
######.###.........># #.#
.......# ########...# #.#
######## ##.## #.# #.# #.####
#.# #.##.. ###.# #.##)#
###############@#.#########.##.#
#.............g)@.[........#...#
#.#############.###########.####
#.# #.# #.# #.# #.###########.#
#.# #.............# ##.#
############### ...# ####


You could see Terence and a hobgoblin.

Vanquished Creatures
  Jessica (D:2)
  2 worms (D:2)
  2 dart slugs (D:1)
  2 leopard geckos (D:1)
  3 goblins
  11 hobgoblins
  2 jackals (D:2)
  4 kobolds (D:1)
  2 quokkas (D:2)
  5 bats
  3 frilled lizards
  2 rats (D:1)
39 creatures vanquished.

Notes
Turn   | Place    | Note
-------+----------+-------------------------------------------
     0 | D:1      | Zeld the Octopode Gladiator began the quest for the Orb.
     0 | D:1      | Reached XP level 1. HP: 14/14 MP: 1/1
   359 | D:1      | Reached XP level 2. HP: 19/19 MP: 2/2
   583 | D:1      | Reached skill level 4 in Staves
   674 | D:1      | Reached XP level 3. HP: 17/24 MP: 3/3
  1519 | D:2      | Noticed Terence
  1520 | D:2      | Noticed Jessica
  1576 | D:2      | HP: 1/24 [quokka (1)]
  1578 | D:2      | Killed Jessica
  1579 | D:2      | Reached skill level 5 in Staves
  1579 | D:2      | Reached XP level 4. HP: 2/29 MP: 4/4
  1581 | D:2      | HP: 1/29 [hobgoblin (1)]
  1594 | D:2      | HP: 1/29 [hobgoblin/+0 club (1)]
  2142 | D:1      | Slain by Terence

Illustrated notes

Levels and vault maps discovered:
D:1:      beargit_arrival_greenhouse, layout_loops_ring, minmay_bisected
D:2:      layout_basic, uniq_jessica, uniq_terence

Skill      XL: |  1  2  3 |
---------------+----------+-----
Staves         | 4 5 |  5.1
Fighting       | |  2.0
Throwing       | |  2.0
Dodging        | |  3.0

Action                   |  1- 3 |  4- 6 || total
-------------------------+-------+-------++-------
Melee: Quarterstaff      |    52 |     8 ||    60
       Constrict         |    13 |     2 ||    15
       Tentacles         |     7 |     2 ||     9
 Stab: Sleeping          |     9 |       ||     9
       Distracted        |     1 |       ||     1
Armor: Skin              |     3 |     1 ||     4
Dodge: Dodged            |    37 |     9 ||    46
